AoeStats
← Pete

Four Lakes

510155323Analyzed
1v1 RM · 2d ago on Sep 29, 2026· 27m 24s· 2 players
Game mode
Random Map
Map size
Tiny (2 player)
Population
200
Speed
Normal
Resources
Standard
Victory
Conquest
Starting age
Dark Age
Ending age
Imperial Age
RankedLock teamsTeams togetherTeam positionsShared explorationLock speedFull tech treeHidden civsTurbo modeCheats
Victory
Defeat
🇩🇪 Huns · Germany
1978
+13
🇬🇧 Persians · United Kingdom
1912
-13
Pete
7:00 Loom
9:06 Feudal Age
9:41 Double-Bit Axe
16:03 Forging
20:55 Castle Age
19:31 Gold Mining
19:59 Bloodlines
20:46 Fletching
21:28 Bodkin Arrow
22:37 Padded Archer Armor
23:50 Ballistics
26:30 Scale Barding Armor
27:34 Ballistics
nC_Future
7:00 Loom
9:17 Feudal Age
9:57 Double-Bit Axe
14:03 Fishing Lines
18:43 Fletching
22:07 Castle Age
21:00 Bloodlines
20:52 Padded Archer Armor
22:33 Elite Skirmisher
23:09 Bodkin Arrow
24:44 Leather Archer Armor
24:46 Bow Saw
25:07 Husbandry
25:02 Horse Collar
25:14 Gillnets
26:32 Ballistics
27:14 Wheelbarrow
Connection lost

Rejoining the realm…

Still unreachable

The connection could not be restored.

Session expired

The server has moved on; the page needs a fresh start.